 Dungeon Crawl Stone Soup version 0.31-a0-222-gefeffbb62a (webtiles) character file.

Game seed: 6542305837037066185

37 mdonais the Trooper (level 3, -1/33 HPs)
             Began as a Meteoran Brigand on July 6, 2023.
             Slain by Terence
             ... wielding a +2 hand axe of freezing
              (8 damage)
             ... on level 2 of the Dungeon.
             The game lasted 00:03:35 (356 turns).

mdonais the Trooper (Meteoran Brigand)               Turns: 356, Time: 00:03:36

Health: -1/33      AC:  3    Str: 12    XL:     3   Next: 85%
Magic:  4/4        EV: 12    Int: 12    God:
Gold:   50         SH:  0    Dex: 18    Spells: 2/2 levels left

rFire   . . .        a - +2 dagger
rCold   . . .        f - orb {*Rage}
rNeg    . . .        h - +0 robe
rPois   .            (no helmet)
rElec   .            c - +0 cloak
rCorr   .            (no gloves)
SInv    .            (no boots)
Will    .....        (no amulet)
Stlth   +            (no ring)
HPRegen 0.25/turn    (no ring)
MPRegen 0.09/turn

%: random rage (20%)
@: mighty, glowing
A: sense surroundings 1, otherworldly, glowing, explore regen
a: no special abilities


You were on level 2 of the Dungeon.
You visited 1 branch of the dungeon, and saw 2 of its levels.

You collected 50 gold pieces.

Inventory:

Hand Weapons
 a - a +2 dagger (weapon)
 b - a +0 sling
   (You took it off a goblin on level 2 of the Dungeon)
 e - a +0 long sword
   (You found it on level 1 of the Dungeon)
 j - a +0 rapier
   (You found it on level 2 of the Dungeon)
Missiles
 d - 9 poisoned darts (quivered)
Armour
 c - a +0 cloak (worn)
 f - an orb of wrath (worn)
   (You found it on level 1 of the Dungeon)
 h - a +0 robe (worn)
Scrolls
 g - a scroll of enchant weapon {unknown}


   Skills:
 + Level 4.1 Fighting
 - Level 2.1 Short Blades
 - Level 2.4 Throwing
 - Level 1.2 Dodging
 - Level 2.9 Stealth


You had 2 spell levels left.
You didn't know any spells.
Your spell library was empty.

Dungeon Overview and Level Annotations

Branches:
Dungeon (2/15) Zot: 839

Altars:

Annotations:
D:2 Terence


Innate Abilities, Weirdness & Mutations

You passively map a small area around you.
You are easily found by Zot.
You glow in the dark.
You regain HP and MP as you explore.


Message History

You take 2 damage, and have 40/46 hp.
You puncture the adder!
You kill the adder!
The jackal closely misses you.
You regained 2 hp, and now have 42/49 hp.
You puncture the jackal!
You kill the jackal!
No target in view!
No target in view!
You are no longer berserk.
You are exhausted.
You feel yourself slow down.
You see here a jackal corpse.
You now have 30/33 hp.
g - a scroll labelled MAOSUSO VAPP You regained 2 hp, and now have 32/33 hp.
You see here a jackal corpse.
An adder skeleton and a ball python come into view.
The ball python hisses angrily.
Health restored: 33 You see here a jackal corpse.
You see here a jackal corpse.
You hit the ball python.
You kill the ball python!
No target in view!
There is a stone staircase leading up here.
You hit the adder skeleton.
The adder skeleton is moderately damaged.
The adder skeleton bites you. x2
You take 2 damage, and have 31/33 hp.
You completely miss the adder skeleton.
The adder skeleton is moderately damaged.
The adder skeleton bites you.
You take 2 damage, and have 29/33 hp.
You barely miss the adder skeleton.
The adder skeleton is moderately damaged.
The adder skeleton barely misses you.
You hit the adder skeleton.
The adder skeleton is heavily damaged.
The adder skeleton bites you but does no damage. x2
You hit the adder skeleton.
The adder skeleton is almost destroyed.
The adder skeleton bites you but does no damage.
You hit the adder skeleton.
You destroy the adder skeleton!
Your Fighting skill increases to level 4!
No target in view!
Found 16 gold pieces.
Health restored: 33 A goblin comes into view.
It is wielding a +0 club.
The goblin unwields a +0 club.
The goblin wields a +0 sling.
The goblin shoots a sling bullet.
The sling bullet barely misses you.
The goblin shoots a sling bullet.
The sling bullet completely misses you.
The goblin shoots a sling bullet.
The sling bullet misses you.
The goblin shoots a sling bullet.
The sling bullet barely misses you.
The goblin shoots a sling bullet.
The sling bullet closely misses you.
You now have 50 gold pieces (gained 16).
The goblin shoots a sling bullet.
The sling bullet misses you.
You hit the goblin.
You kill the goblin!
No target in view!
Things that are here:
a +0 sling; a +0 club; a goblin corpse
h - a +0 sling You feel yourself speed up.
Adjust (i)tems, (s)pells, or (a)bilities?
h - a +0 sling Adjust to which letter? (? for menu, Esc to quit)
b - a +0 sling;
h - a +0 robe (worn)
b - a +0 sling (weapon)
You recover from your berserk rage.
A hobgoblin comes into view.
The hobgoblin shouts!
You shoot a sling bullet.
The sling bullet hits the hobgoblin but does no damage.
A frilled lizard comes into view.
You shoot a sling bullet. The sling bullet hits the hobgoblin!
You kill the hobgoblin!
A ball python zombie comes into view.
You shoot a sling bullet.
The sling bullet hits the frilled lizard.
You kill the frilled lizard!
You shoot a sling bullet.
The sling bullet hits the ball python zombie.
The ball python zombie is severely damaged.
You shoot a sling bullet.
The sling bullet barely misses the ball python zombie.
You shoot a sling bullet.
The sling bullet hits the ball python zombie.
You destroy the ball python zombie!
a - a +2 dagger (weapon)
b - a +0 sling (weapon)
Found a rapier.
Found a black potion.
i - a black potion You see here a +0 rapier.
j - a +0 rapier Terence the Incautious comes into view.
He is wielding a +2 hand axe of freezing and wearing a +1 scale mail of poison resistance.
Press: ? - help, . - travel You can't see that place. [the floor.] Placed new exclusion.
Unknown command.
A bat comes into view.
You shoot a sling bullet. The sling bullet hits the bat.
You kill the bat!
Really walk into a travel-excluded area?
Really walk into a travel-excluded area?
Terence shouts!
Throw: 3 darts (curare)
Press: ? - help, Q - select action, (/) - cycle Shift-Dir - straight line, f - Terence
Aim: Terence, wielding a +2 hand axe of freezing and wearing a +1 scale mail of poison resistance (68% to hit)
You throw a curare-tipped dart. The curare-tipped dart hits Terence.
Throw: 2 darts (curare)
Press: ? - help, Q - select action, (/) - cycle Shift-Dir - straight line, f/p - Terence
Aim: Terence, wielding a +2 hand axe of freezing and wearing a +1 scale mail of poison resistance (68% to hit)
You throw a curare-tipped dart. The curare-tipped dart hits Terence.
Throw: dart (curare)
Press: ? - help, Q - select action, (/) - cycle Shift-Dir - straight line, f/p - Terence
Aim: Terence, wielding a +2 hand axe of freezing and wearing a +1 scale mail of poison resistance (68% to hit)
You throw a curare-tipped dart.
The curare-tipped dart barely misses Terence.
Terence hits you with a +2 hand axe of freezing.
Terence freezes you.
You take 6 damage, and have 27/33 hp.
a - a +2 dagger (weapon)
It was a potion of might.
You feel very mighty all of a sudden. Terence barely misses you.
You closely miss Terence.
Terence hits you with a +2 hand axe of freezing!
Terence freezes you.
You take 12 damage, and have 15/33 hp.
MASSIVE DAMAGE!!
You hit Terence.
Terence is lightly wounded.
Terence hits you but does no damage.
You closely miss Terence.
Terence is lightly wounded.
Terence barely misses you.
You barely miss Terence.
Terence is lightly wounded.
Terence hits you with a +2 hand axe of freezing!
* * * LOW HITPOINT WARNING * * *
Terence freezes you.
* * * LOW HITPOINT WARNING * * *
You take 9 damage, and have 7/33 hp.
MASSIVE DAMAGE!!
You closely miss Terence.
Terence is lightly wounded.
Terence hits you with a +2 hand axe of freezing!
You die...

* * ####### *
#.....# , ,,
#.....########
, *
#.....(......##
<, #...@(# #..#
, * * #@# #.##*
, #.########.#
** , ,
#.##.......# **
, ,,
#.##......## ,
, #..#..8...# ,
, * ##........#
, * #........#
* , *
*#.##....##
*#.....#####.#*


You could see Terence.

Vanquished Creatures
  An adder (D:2)
  An adder skeleton (D:2)
  A dart slug (D:1)
  2 ball pythons
  2 endoplasms
  A giant cockroach (D:1)
  2 goblins
  A hobgoblin (D:2)
  3 jackals (D:2)
  A ball python zombie (D:2)
  A bat (D:2)
  A frilled lizard (D:2)
  3 kobolds (D:1)
  A rat (D:1)
21 creatures vanquished.

Notes
Turn   | Place    | Note
-------+----------+-------------------------------------------
     0 | D:1      | mdonais the Meteoran Brigand began the quest for the Orb.
     0 | D:1      | Reached XP level 1. HP: 17/17 MP: 2/2
   107 | D:1      | Reached XP level 2. HP: 25/25 MP: 3/3
   112 | D:1      | Reached skill level 3 in Fighting
   240 | D:2      | Reached XP level 3. HP: 31/31 MP: 4/4
   264 | D:2      | Reached skill level 4 in Fighting
   329 | D:2      | Noticed Terence
   356 | D:2      | Slain by Terence

Illustrated notes

Levels and vault maps discovered:
D:1:      minmay_arrival_open_corners, layout_basic
D:2:      layout_rooms, serial_undead, serial_undead_d, serial_undead_d,
          serial_undead_b, serial_undead_b, minmay_pentomino_t2, uniq_terence

Skill      XL: |  1  2  3 |
---------------+----------+-----
Fighting       | 3 4 |  4.1
Short Blades   | |  2.1
Throwing       | |  2.4
Dodging        | |  1.2
Stealth        | |  2.9

Action                     || total
---------------------------++-------
  Melee: Dagger            ||    58
   Fire: Sling             ||     7
  Throw: Dart              ||     6
    Use: Potion            ||     1
   Stab: Sleeping          ||     1
 Armour: Robe              ||    15
  Dodge: Dodged            ||    28

Table legend: (Time is in decaauts)
 A = Elapsed time spent in this place.
 B = Non-inter-level travel time spent in this place.
 C = Inter-level travel time spent in this place.
 D = Time resting spent in this place.
 E = Time spent auto-exploring this place.
 F = Levels seen in this place.
 G = Mean time per level.
                   A        B        C        D        E       F      G
               +--------+--------+--------+--------+--------+-----+--------+
         Total |    359 |    356 |      3 |      0 |     15 |   2 |  179.5 |
       Dungeon |    359 |    356 |      3 |      0 |     15 |   2 |  179.5 |
               +--------+--------+--------+--------+--------+-----+--------+

Top non-repeatable levels by time:
     D:1: 224 daAuts
     D:2: 135 daAuts
